[Event "DFMMLV 2024"]
[Site "Braunfels"]
[Date "2024.06.02"]
[Round "5.40"]
[White "Graf, Ann-Jennifer"]
[Black "Albayrak, Aylin"]
[Result "0-1"]
[ECO "B56"]
[WhiteElo "1827"]
[BlackElo "1752"]
[Annotator "NA RC"]
[PlyCount "72"]
[EventDate "2024.05.30"]
[EventType "team-tourn"]
[EventCountry "GER"]
[SourceTitle "playchess.com"]
[Source "ChessBase"]
[SourceQuality "1"]
[TimeControl "40/5400+30:1800+30"]

1. e4 c5 2. Nc3 Nc6 3. Bb5 Nf6 4. Nf3 d6 5. d4 cxd4 6. Nxd4 Bd7 7. Nb3 a6 8. Bd3 e6 9. Be3 Be7 10. a4 O-O 11. g4 Ne5 12. Be2 Bc6 13. f3 d5 14. f4 Ng6 15. Nd4 Bb4 16. Nxc6 bxc6 17. e5 Ne4 18. O-O Nxc3 19. bxc3 Bxc3 20. Rb1 Qa5 21. Bd4 c5 22. Bxc3 Qxc3 23. Rb3 Qa5 24. Ra3 c4 25. Qd4 Ne7 26. c3 Nc6 27. Qe3 Rab8 28. Ra2 Rb3 29. Rc1 Rfb8 30. Kf2 Rb2 31. Rca1 R8b3 32. Ra3 d4 33. Qe4 Qc5 34. Kf3 Rxa3 35. Bd3 cxd3 36. Rxa3 dxc3 0-1

[Event "DFMMLV 2024"]
[Site "Braunfels"]
[Date "2024.06.02"]
[Round "5.41"]
[White "Rogozenco, Teodora"]
[Black "Zimmer, Elke"]
[Result "1-0"]
[ECO "D35"]
[WhiteElo "1993"]
[BlackElo "1920"]
[Annotator "NA RC"]
[PlyCount "59"]
[EventDate "2024.05.30"]
[EventType "team-tourn"]
[EventCountry "GER"]
[SourceTitle "playchess.com"]
[Source "ChessBase"]
[SourceQuality "1"]
[TimeControl "40/5400+30:1800+30"]

1. d4 d5 2. c4 e6 3. Nc3 Nf6 4. cxd5 exd5 5. Bg5 c6 6. e3 Be7 7. Bd3 Bg4 8. Qc2 Nbd7 9. Nge2 Bh5 10. Nf4 h6 11. Bh4 g5 12. Nxh5 Nxh5 13. Bg3 Nxg3 14. fxg3 Qc7 15. Nxd5 Qa5+ 16. Nc3 O-O-O 17. O-O Nf6 18. Rf5 Qc7 19. Raf1 Ng4 20. Qe2 h5 21. Rxf7 Nxh2 22. Kxh2 h4 23. Qg4+ Kb8 24. Ne4 hxg3+ 25. Kg1 Rh4 26. Qxg3 Qxg3 27. Nxg3 Bd6 28. Nf5 Bh2+ 29. Kf2 Rh5 30. g3 1-0

[Event "DFMMLV 2024"]
[Site "Braunfels"]
[Date "2024.06.02"]
[Round "5.42"]
[White "Noll, Sonja"]
[Black "Brandt, Carina"]
[Result "0-1"]
[ECO "A01"]
[WhiteElo "1837"]
[BlackElo "2038"]
[Annotator "RC"]
[PlyCount "74"]
[EventDate "2024.05.30"]
[EventType "team-tourn"]
[EventCountry "GER"]
[SourceTitle "playchess.com"]
[Source "ChessBase"]
[SourceQuality "1"]
[TimeControl "40/5400+30:1800+30"]

1. b3 d5 2. Bb2 Bf5 3. e3 e6 4. h4 h5 5. Be2 Nf6 6. d4 c5 7. Ba3 cxd4 8. Bxf8 Kxf8 9. exd4 Nc6 10. c3 Qa5 11. b4 Qc7 12. Nd2 Rc8 13. Rc1 Nxb4 14. Qb3 Nc6 15. Ngf3 g6 16. O-O Kg7 17. c4 dxc4 18. Nxc4 Qe7 19. Nce5 Nxe5 20. dxe5 Ne4 21. Qe3 b6 22. Rc4 Rxc4 23. Bxc4 Qc5 24. Qxc5 Nxc5 25. Rd1 Bg4 26. Rd6 Bxf3 27. gxf3 Rc8 28. Kf1 Kf8 29. Rd2 Ke7 30. Be2 Nd7 31. Ba6 Rc3 32. f4 Nc5 33. Ke1 Nd7 34. Ke2 Nc5 35. Kf1 Ra3 36. Be2 a6 37. Kg2 b5 0-1

[Event "DFMMLV 2024"]
[Site "Braunfels"]
[Date "2024.06.02"]
[Round "5.43"]
[White "Sural, Ceren"]
[Black "Ramm, Madlen"]
[Result "1/2-1/2"]
[ECO "D04"]
[WhiteElo "1793"]
[BlackElo "1830"]
[Annotator "NA RC"]
[PlyCount "92"]
[EventDate "2024.05.30"]
[EventType "team-tourn"]
[EventCountry "GER"]
[SourceTitle "playchess.com"]
[Source "ChessBase"]
[SourceQuality "1"]
[TimeControl "40/5400+30:1800+30"]

1. d4 Nf6 2. e3 d5 3. Nf3 Bg4 4. Be2 e6 5. a3 Be7 6. Nbd2 O-O 7. b3 c5 8. Bb2 Nc6 9. O-O Rc8 10. Ne5 Bxe2 11. Qxe2 cxd4 12. exd4 Qb6 13. Qd3 Qc7 14. Rac1 Rfd8 15. f4 Qb6 16. Kh1 Ne4 17. Rce1 Nxd2 18. Qxd2 Qa5 19. b4 Qc7 20. Re2 Bd6 21. Rf3 Ne7 22. Rh3 Ng6 23. Nxg6 hxg6 24. Rf2 f6 25. Qd3 Kf7 26. Qe3 Rh8 27. Bc1 Rxh3 28. gxh3 Qc3 29. Kg2 Qxe3 30. Bxe3 Rc3 31. Bc1 f5 32. Re2 Be7 33. Bb2 Rc4 34. c3 g5 35. fxg5 Bxg5 36. Kf3 Rc8 37. Rg2 Bf6 38. Ke3 Rh8 39. Rg3 Rh4 40. Kd3 g5 41. Bc1 f4 42. Rf3 e5 43. dxe5 Bxe5 44. Bd2 Ke6 45. Be1 Rh7 46. Bf2 b6 1/2-1/2

[Event "DFMMLV 2024"]
[Site "Braunfels"]
[Date "2024.06.02"]
[Round "5.44"]
[White "Weinmann, Helene"]
[Black "Tobianski, Karina"]
[Result "1/2-1/2"]
[ECO "D02"]
[WhiteElo "1655"]
[BlackElo "1816"]
[Annotator "NA RC"]
[PlyCount "76"]
[EventDate "2024.05.30"]
[EventType "team-tourn"]
[EventCountry "GER"]
[SourceTitle "playchess.com"]
[Source "ChessBase"]
[SourceQuality "1"]
[TimeControl "40/5400+30:1800+30"]

1. d4 d5 2. Nf3 Nf6 3. Bf4 Bf5 4. e3 e6 5. Bd3 Bg6 6. O-O Be7 7. Ne5 Nbd7 8. Nxg6 hxg6 9. Nd2 Nh5 10. Be5 O-O 11. h3 c5 12. Be2 Nhf6 13. c3 a6 14. Bh2 b5 15. Bf3 Qb6 16. e4 cxd4 17. cxd4 Qxd4 18. exd5 Nxd5 19. Rb1 N7f6 20. Nb3 Qxd1 21. Rfxd1 Rac8 22. Rbc1 Rfd8 23. Be5 Nd7 24. Bd4 Bf6 25. Bxd5 exd5 26. Bxf6 Nxf6 27. Nc5 Rc6 28. b4 Re8 29. Kf1 g5 30. f3 Kh7 31. Kf2 Kg6 32. Re1 Rxe1 33. Rxe1 d4 34. Rd1 Rd6 35. Nb3 d3 36. Nc5 Rd4 37. a3 Nd5 38. Rxd3 Rxd3 1/2-1/2

[Event "DFMMLV 2024"]
[Site "Braunfels"]
[Date "2024.06.02"]
[Round "5.52"]
[White "Storkebaum, Ulrike"]
[Black "Ulrich, Helena Irene"]
[Result "1-0"]
[ECO "B33"]
[WhiteElo "1811"]
[BlackElo "1819"]
[Annotator "NA RC"]
[PlyCount "145"]
[EventDate "2024.05.30"]
[EventType "team-tourn"]
[EventCountry "GER"]
[SourceTitle "playchess.com"]
[Source "ChessBase"]
[SourceQuality "1"]
[TimeControl "40/5400+30:1800+30"]

1. e4 c5 2. Nf3 Nc6 3. d4 cxd4 4. Nxd4 Nf6 5. Nc3 e5 6. Ndb5 d6 7. Bg5 a6 8. Na3 b5 9. Nd5 Be7 10. Bxf6 Bxf6 11. c3 Rb8 12. Nc2 Bg5 13. Be2 O-O 14. O-O Be6 15. Nce3 Bxe3 16. Nxe3 Ne7 17. c4 b4 18. b3 Qb6 19. Nd5 Nxd5 20. cxd5 Bd7 21. Kh1 f5 22. exf5 Bxf5 23. Rc1 Rbc8 24. Rxc8 Rxc8 25. Bc4 a5 26. Qd2 Rc5 27. Re1 Qd8 28. f4 e4 29. h3 Qh4 30. Kh2 Rc7 31. Qe3 Rc5 32. Re2 h5 33. Kg1 Qf6 34. Re1 Qb2 35. Qf2 Qxf2+ 36. Kxf2 Kf7 37. Ke3 h4 38. Kd4 Rc7 39. Ra1 Re7 40. Ke3 Rc7 41. Kd4 Re7 42. Bb5 Rc7 43. Bc6 Re7 44. Ke3 Bd7 45. Bxd7 Rxd7 46. Rc1 Kf6 47. Kxe4 Re7+ 48. Kf3 g5 49. fxg5+ Kxg5 50. Rc6 Rf7+ 51. Ke3 Re7+ 52. Kd3 Rd7 53. Ra6 Kf5 54. Rxa5 Rg7 55. Ra6 Ke5 56. Kc4 Rxg2 57. Ra8 Rh2 58. Re8+ Kf4 59. Kxb4 Rxh3 60. Re6 Rd3 61. Rxd6 h3 62. Rh6 Kg3 63. Kc4 Rd2 64. a4 h2 65. a5 Kg2 66. b4 h1=Q 67. Rxh1 Kxh1 68. a6 Ra2 69. b5 Rc2+ 70. Kd4 Rd2+ 71. Kc5 Rc2+ 72. Kb6 Rd2 73. a7 1-0

[Event "DFMMLV 2024"]
[Site "Braunfels"]
[Date "2024.06.02"]
[Round "5.54"]
[White "Lerch, Cornelia"]
[Black "Loos, Tilda"]
[Result "1/2-1/2"]
[ECO "B22"]
[WhiteElo "1847"]
[BlackElo "1667"]
[Annotator "NA RC"]
[PlyCount "47"]
[EventDate "2024.05.30"]
[EventType "team-tourn"]
[EventCountry "GER"]
[SourceTitle "playchess.com"]
[Source "ChessBase"]
[SourceQuality "1"]
[TimeControl "40/5400+30:1800+30"]

1. e4 c5 2. c3 Nf6 3. e5 Nd5 4. d4 cxd4 5. cxd4 d6 6. Nf3 Nc6 7. Bc4 dxe5 8. dxe5 e6 9. O-O Be7 10. a3 O-O 11. Qe2 Nb6 12. Ba2 Nd4 13. Nxd4 Qxd4 14. Rd1 Qh4 15. Nc3 Bd7 16. Be3 Bg5 17. Rd4 Qh6 18. Bxg5 Qxg5 19. Rg4 Qe7 20. Ne4 Kh8 21. Rg3 Bc6 22. Ng5 h6 23. Qh5 Nd5 24. Nh3 1/2-1/2

[Event "DFMMLV 2024"]
[Site "Braunfels"]
[Date "2024.06.02"]
[Round "5.55"]
[White "Kohl, Natalie"]
[Black "Kaulfuss, Christa"]
[Result "1-0"]
[ECO "B00"]
[WhiteElo "1683"]
[BlackElo "1816"]
[Annotator "NA RC"]
[PlyCount "65"]
[EventDate "2024.05.30"]
[EventType "team-tourn"]
[EventCountry "GER"]
[SourceTitle "playchess.com"]
[Source "ChessBase"]
[SourceQuality "1"]
[TimeControl "40/5400+30:1800+30"]

1. e4 Nc6 2. Nf3 d6 3. h3 Nf6 4. Nc3 g6 5. d4 e6 6. Bg5 h6 7. Be3 Bg7 8. Qd2 a6 9. g4 b5 10. a3 Bb7 11. g5 hxg5 12. Bxg5 Ne7 13. Bxf6 Bxf6 14. O-O-O Bg7 15. Kb1 Bh6 16. Qe2 Qd7 17. h4 O-O-O 18. Bh3 Kb8 19. Ng5 Qe8 20. d5 exd5 21. exd5 Bxg5 22. hxg5 Bc8 23. Bxc8 Rxh1 24. Rxh1 Kxc8 25. Re1 Rd7 26. Ne4 Nxd5 27. Nxd6+ cxd6 28. Qxe8+ Kb7 29. Qa8+ Kb6 30. Qe8 Kc6 31. Qa8+ Kc5 32. Qxa6 Nb6 33. Re3 1-0